 Dungeon Crawl Stone Soup version 0.28.0-47-ge53b351184 (webtiles) character file.

Game seed: 10148252139122263216

672 joe1234567 the Slasher (level 7, -14/62 HPs)
             Began as a Minotaur Berserker on May 7, 2022.
             Was a Follower of Trog.
             Demolished by Blork the orc
             ... wielding a +0 glaive
              (15 damage)
             ... on level 4 of the Dungeon.
             The game lasted 00:20:28 (3421 turns).

joe1234567 the Slasher (Minotaur Berserker)         Turns: 3421, Time: 00:20:28

Health: -14/62     AC: 12    Str: 21    XL:     7   Next: 32%
Magic:  6/6        EV:  7    Int:  6    God:    Trog [*.....]
Gold:   96         SH:  0    Dex: 10    Spells: 6/6 levels left

rFire   . . .      SeeInvis .   v - +0 flail (drain)
rCold   . . .      Faith    .   (no shield)
rNeg    . . .      Spirit   .   n - +0 plate armour
rPois   .          Reflect  .   (helmet restricted)
rElec   .          Harm     .   (no cloak)
rCorr   .          Rampage  .   (no gloves)
Will    .....                   (no boots)
Stlth   ..........              c - amulet of the acrobat
HPRegen 0.20/turn               (no ring)
MPRegen 0.10/turn               (no ring)

@: attractive
A: horns 2, retaliatory headbutt
a: Renounce Religion, Berserk


You were on level 4 of the Dungeon.
You worshipped Trog.
Trog was aware of your devotion.
You visited 1 branch of the dungeon, and saw 4 of its levels.

You collected 96 gold pieces.

Inventory:

Hand Weapons
 a - a +0 falchion
 p - a +1 whip of pain
 s - a +0 scythe
 v - a +0 flail of draining (weapon)
Missiles
 t - 2 throwing nets (quivered)
Armour
 b - a +0 animal skin
 e - a +0 leather armour
 j - a +0 ring mail
 n - a +0 plate armour (worn)
Jewellery
 c - an amulet of the acrobat (around neck)
Wands
 m - a wand of iceblast (11)
Scrolls
 d - a scroll of magic mapping {unknown}
 f - a scroll of fog {unknown}
 g - 2 scrolls of identify
 h - 2 scrolls of noise {unknown}
 i - a scroll of silence {unknown}
 l - a scroll of torment {unknown}
 o - a scroll of vulnerability {unknown}
 u - a scroll of blinking {unknown}
 w - a scroll of enchant weapon {unknown}
Potions
 q - a potion of flight {unknown}
 r - a potion of heal wounds {unknown}


   Skills:
 + Level 5.6 Fighting
 + Level 6.1 Long Blades
 + Level 2.7 Maces & Flails
 + Level 0.2 Polearms
 + Level 5.3 Armour
 + Level 3.6 Dodging
 + Level 1.0 Stealth
 + Level 0.6 Evocations


You had 6 spell levels left.
You didn't know any spells.
Your spell library contained the following spells:

 Spells                   Type           Power      Damage    Failure   Level
 Beastly Appendage        Tmut           0%         N/A       100%        1
 Wereblood                Tmut           0%         N/A       100%        2
 Spider Form              Tmut/Pois      0%         N/A       100%        3


Dungeon Overview and Level Annotations

Branches:
Dungeon (4/15)             Temple (0/1) D:4

Altars:

Shops:
D:1 :

Annotations:
D:4 Blork the orc, Eustachio


Innate Abilities, Weirdness & Mutations

You have a pair of horns on your head.
You reflexively headbutt those who attack you in melee.


Message History

The orc wizard is almost dead.
You feel sick.
You hear a shout! x5
The ball python barely misses you. You furiously retaliate!
You headbutt the ball python!
You kill the ball python!
Trog accepts your kill.
Blork the orc hits you but does no damage.
As you read the scroll of teleportation, it crumbles to dust.
You feel strangely stable.
You feel sick.
You are no longer poisoned.
Blork the orc barely misses you. The orc hits you but does no damage.
A phantom comes into view.
You are too injured to fight recklessly!
A kobold comes into view. It is wielding a +0 whip.
Blork the orc closely misses you.
The orc wizard mumbles some strange words.
The orc wizard flickers and vanishes!
Deactivating autopickup; reactivate with Ctrl-A.
The orc completely misses you. You furiously retaliate!
You headbutt the orc.
The orc wizard mumbles some strange words.
The orc wizard flickers and vanishes!
A goblin comes into view. It is wielding a +0 dagger.
Found a sedimented cyan potion.
The goblin shouts!
Blork the orc completely misses you.
Things that are here:
a +0 dagger; a scorpion corpse
Found a staircase to the Ecumenical Temple.
Blork the orc points at you and mumbles some strange words.
The puff of frost hits you!
* * * LOW HITPOINT WARNING * * *
The orc completely misses you. You furiously retaliate!
You headbutt the orc!
You kill the orc!
Trog accepts your kill.
The crimson imp shouts, "Embrace thy fall, thou rank clay-brained hugger-mugger!"
It was a potion of attraction.
You feel attractive to monsters.
Blork the orc hits you from afar with a +0 glaive!
You die...

....#.....
.###..#.#.)
........#.#
...g....#.# ..
.....<....###...#
.................
...5.....o##....
.....#.).# . ....
#†)@#
.....5.....#
.....@##....!.!
...).. #...#....
.....@ #.K......
...... ....#...>
.....W .........
.... ....#...


You could see Eustachio, Blork the orc, an iron imp (summoned), a goblin and a
kobold.

Vanquished Creatures
  Sigmund (D:3)
  An ogre (D:3)
  A scorpion (D:4)
  A hound (D:4)
  An orc priest (D:3)
  A gnoll shaman (D:3)
  Jessica (D:3)
  Ijyb (D:3)
  Terence (D:3)
  Natasha (thrice) (D:2)
  6 gnolls
  An adder (D:2)
  2 worms
  5 orcs
  5 endoplasms
  A giant cockroach (D:1)
  3 goblins
  4 hobgoblins
  2 quokkas
  9 ball pythons
  6 bats
  2 frilled lizards
  8 kobolds
  5 rats
71 creatures vanquished.

Vanquished Creatures (others)
  17 plants (D:3)
17 creatures vanquished.

Grand Total: 88 creatures vanquished

Notes
Turn   | Place    | Note
-------+----------+-------------------------------------------
     0 | D:1      | joe1234567 the Minotaur Berserker began the quest for the
                  | Orb.
     0 | D:1      | Reached XP level 1. HP: 19/19 MP: 0/0
    44 | D:1      | Reached skill level 4 in Long Blades
    44 | D:1      | Reached XP level 2. HP: 19/27 MP: 1/1
   705 | D:1      | Found Papusm's Book Emporium.
  1269 | D:2      | Reached XP level 3. HP: 32/33 MP: 2/2
  1270 | D:2      | Reached ** piety under Trog
  1564 | D:2      | Noticed Natasha
  1573 | D:2      | Killed Natasha
  1626 | D:2      | Reached XP level 4. HP: 9/41 MP: 3/3
  1759 | D:2      | Noticed Natasha
  1765 | D:2      | Killed Natasha
  1885 | D:2      | Noticed Natasha
  1890 | D:2      | Killed Natasha
  1891 | D:2      | Reached skill level 5 in Long Blades
  2372 | D:3      | Noticed Ijyb
  2375 | D:3      | Reached XP level 5. HP: 46/47 MP: 4/4
  2379 | D:3      | Killed Ijyb
  2508 | D:3      | Noticed Terence
  2532 | D:3      | Killed Terence
  2539 | D:3      | Reached XP level 6. HP: 15/53 MP: 5/5
  2560 | D:3      | Reached skill level 5 in Fighting
  2560 | D:3      | Reached skill level 1 in Maces & Flails
  2692 | D:3      | Noticed Sigmund
  2697 | D:3      | Killed Sigmund
  2698 | D:3      | Reached skill level 6 in Long Blades
  2698 | D:3      | Reached XP level 7. HP: 37/61 MP: 6/6
  2965 | D:3      | Noticed Jessica
  2968 | D:3      | Killed Jessica
  2969 | D:3      | Reached skill level 5 in Armour
  3004 | D:3      | Reached skill level 1 in Stealth
  3400 | D:4      | Noticed Blork the orc
  3410 | D:4      | Noticed Eustachio
  3420 | D:4      | Found a staircase to the Ecumenical Temple.
  3420 | D:4      | HP: 1/62 [Blork the orc/puff of frost (11)]
  3421 | D:4      | Demolished by Blork the orc

Illustrated notes

Levels and vault maps discovered:
D:1:      eino_arrival_water_star, layout_basic, serial_shops,
          nicolae_shop_statue_plus, kennysheep_doodads
D:2:      layout_loops_cross, st_stairs_6, minmay_goblin_kobold_house,
          uniq_natasha
D:3:      layout_loops_ring, nicolae_grassy_gnolls, uniq_ijyb, uniq_sigmund,
          uniq_jessica, uniq_terence
D:4:      layout_cave_pools, minmay_temple_entry_glass, serial_bayou_pond_c,
          nicolae_specific_store, uniq_eustachio, uniq_robin, uniq_blork_the_orc

Skill      XL: |  1  2  3  4  5  6  7 |
---------------+----------------------+-----
Fighting       | 4 5 |  5.6
Long Blades    | 4 5 6 |  6.1
Armour         | 3 4 5 |  5.3
Dodging        | 3 |  3.6
Maces & Flails | 2 |  2.7
Stealth        | 1 |  1.0
Polearms       | |  0.2
Evocations     | |  0.6

Action                   |  1- 3 |  4- 6 |  7- 9 || total
-------------------------+-------+-------+-------++-------
Melee: Falchion          |    47 |    39 |       ||    86
       Headbutt          |     3 |    12 |    12 ||    27
       Whip              |       |    28 |       ||    28
       Punch             |       |     1 |     4 ||     5
       Flail             |       |       |    26 ||    26
       Scythe            |       |       |    10 ||    10
Evoke: Wand              |       |     6 |     5 ||    11
  Use: Scroll            |       |     2 |     2 ||     4
       Potion            |       |       |     1 ||     1
Armor: Ring mail         |     8 |    19 |       ||    27
       Leather armour    |     3 |       |       ||     3
       Plate armour      |       |    16 |    35 ||    51
Dodge: Dodged            |    68 |    46 |    31 ||   145
